AoeStats
← kpsu8366

QS Arena

503340357Analyzed
4v4 RM · 1mo ago on Aug 31, 2026· 50m 26s· 8 players
Game mode
Random Map
Map size
Large (8 player)
Population
200
Speed
Normal
Resources
Standard
Victory
Conquest
Starting age
Dark Age
Ending age
Imperial Age
RankedLock teamsTeams togetherTeam positionsShared explorationLock speedFull tech treeHidden civsTurbo modeCheats
Victory
Defeat
🇨🇳 Mongols · China
994
+11
🇳🇿 Goths · New Zealand
930
+14
🇨🇳 Huns · China
927
+14
🇨🇳 Burgundians · China
911
+15
🇺🇸 Berbers · United States
936
-16
🇹🇷 Hindustanis · Türkiye
893
-14
🇸🇪 Wei · Sweden
880
-13
🇩🇪 Burgundians · Germany
807
-10
Pokie
8:59 Feudal Age
10:26 Double-Bit Axe
13:53 Castle Age
12:01 Horse Collar
12:57 Gold Mining
15:04 Bow Saw
15:45 Bow Saw
19:00 Wheelbarrow
19:04 Heavy Plow
22:11 Stone Mining
22:50 Hand Cart
24:28 Gold Shaft Mining
27:34 Imperial Age
26:29 Stone Shaft Mining
26:37 Forging
26:34 Scale Barding Armor
27:02 Bloodlines
26:53 Husbandry
28:20 Iron Casting
28:43 Chain Barding Armor
28:08 Treadmill Crane
29:31 Chemistry
28:58 Ballistics
28:03 Heavy Hei Guang Cavalry
30:18 Blast Furnace
31:22 Ming Guang Armor
31:09 Tuntian
31:32 Conscription
31:50 Hoardings
32:08 Crop Rotation
31:34 Fletching
32:01 Masonry
32:21 Light Cavalry
34:07 Hussar
35:03 Caravan
36:24 Elite Tiger Cavalry
b3z1294
9:09 Feudal Age
13:25 Castle Age
15:18 Double-Bit Axe
23:53 Wheelbarrow
23:10 Loom
29:53 Imperial Age
31:42 Chemistry
31:09 Bow Saw
34:27 Gold Mining
35:05 Horse Collar
37:39 Gold Shaft Mining
38:39 Stone Mining
41:06 Hand Cart
40:56 Heavy Plow
41:40 Elite Camel Archer
42:35 Bloodlines
42:26 Husbandry
42:38 Scale Barding Armor
42:25 Fletching
42:36 Padded Archer Armor
47:54 Chain Barding Armor
47:30 Bodkin Arrow
47:51 Leather Archer Armor
47:03 Light Cavalry
48:24 Ballistics
48:21 Fortified Wall
48:06 Murder Holes
47:56 Hussar
Godofsinner
0:45 Loom
8:44 Feudal Age
10:04 Wheelbarrow
9:16 Double-Bit Axe
9:23 Gold Mining
9:24 Stone Mining
9:29 Horse Collar
19:11 Castle Age
18:48 Forging
18:46 Scale Barding Armor
20:13 Bow Saw
20:55 Gold Shaft Mining
20:58 Stone Shaft Mining
20:37 Heavy Plow
21:58 Grand Trunk Road
23:27 Hand Cart
26:08 Caravan
29:32 Imperial Age
27:10 Husbandry
29:06 Bloodlines
30:26 Iron Casting
30:12 Chain Barding Armor
33:02 Two-Man Saw
31:47 Heavy Camel Rider
33:56 Blast Furnace
33:38 Plate Barding Armor
35:38 Imperial Camel Rider
Rammit Inmaass
5:22 Double-Bit Axe
6:57 Horse Collar
11:34 Wheelbarrow
13:28 Feudal Age
14:30 Heavy Plow
14:49 Hand Cart
14:51 Bow Saw
14:34 Gold Mining
14:37 Stone Mining
18:25 Castle Age
17:19 Gold Shaft Mining
17:57 Forging
17:54 Scale Barding Armor
18:51 Cavalier
21:20 Two-Man Saw
28:30 Padded Archer Armor
30:27 Caravan
31:36 Elite Skirmisher
33:11 Leather Archer Armor
32:47 Fletching
37:26 Imperial Age
36:52 Crop Rotation
37:00 Stone Shaft Mining
39:21 Paladin
40:02 Husbandry
40:25 Chain Barding Armor
40:41 Iron Casting
40:01 Bodkin Arrow
40:09 Elite Genitour
41:15 Conscription
45:15 Plate Barding Armor
45:41 Blast Furnace
46:23 Ballistics
47:04 Chemistry
jacinfa arderb
9:32 Feudal Age
11:38 Double-Bit Axe
14:55 Castle Age
13:55 Scale Mail Armor
16:01 Bow Saw
15:42 Gold Mining
15:33 Horse Collar
16:11 Man-at-Arms
18:50 Long Swordsman
21:36 Squires
21:52 Chain Mail Armor
22:54 Wheelbarrow
23:40 Forging
25:26 Iron Casting
29:26 Pikeman
33:09 Imperial Age
31:00 Hand Cart
30:31 Loom
33:40 Stone Mining
35:10 Stone Shaft Mining
35:11 Heavy Plow
36:42 Blast Furnace
35:05 Two-Handed Swordsman
35:06 Halberdier
36:21 Anarchy
38:51 Conscription
40:29 Two-Man Saw
47:16 Chemistry
不知天上水
4:40 Double-Bit Axe
8:33 Feudal Age
7:57 Horse Collar
13:28 Castle Age
12:16 Bow Saw
12:34 Heavy Plow
21:30 Wheelbarrow
23:02 Gold Mining
23:35 Hand Cart
26:59 Imperial Age
24:16 Town Watch
24:17 Loom
24:37 Scale Mail Armor
24:48 Forging
26:05 Gold Shaft Mining
25:21 Stone Mining
26:48 Chain Mail Armor
27:09 Iron Casting
26:38 Squires
25:59 Pikeman
27:17 Padded Archer Armor
27:25 Scale Barding Armor
27:09 Arson
28:42 Chemistry
28:02 Ballistics
29:06 Plate Mail Armor
29:21 Stone Shaft Mining
29:48 Two-Man Saw
28:41 Halberdier
29:25 Husbandry
28:46 Cavalier
31:03 Blast Furnace
31:32 Bombard Tower
32:44 Conscription
32:32 Burgundian Vineyards
32:15 Treadmill Crane
32:45 Masonry
33:15 Chain Barding Armor
33:11 Leather Archer Armor
33:44 Paladin
35:08 Fletching
38:30 Architecture
38:11 Fortified Wall
42:32 Caravan
kpsu8366
9:07 Feudal Age
11:08 Loom
13:28 Castle Age
11:21 Double-Bit Axe
11:17 Horse Collar
13:33 Loom
15:03 Bow Saw
14:55 Heavy Plow
17:55 Wheelbarrow
28:47 Imperial Age
27:07 Ballistics
26:49 Gold Mining
26:51 Stone Mining
28:09 Gold Shaft Mining
28:11 Stone Shaft Mining
27:38 Padded Archer Armor
27:30 Fletching
29:13 Elite Mangudai
30:20 Conscription
30:50 Bodkin Arrow
31:12 Leather Archer Armor
32:00 Chemistry
31:36 Thumb Ring
31:59 Parthian Tactics
31:38 Husbandry
31:50 Bloodlines
31:59 Hand Cart
32:40 Town Watch
32:59 Bracer
35:08 Siege Engineers
35:26 Drill
36:26 Town Patrol
36:11 Onager
37:44 Siege Onager
41:20 Capped Ram
43:00 Siege Ram
50:09 Hoardings
49:50 Masonry
康神开播了
8:01 Feudal Age
8:30 Double-Bit Axe
9:22 Wheelbarrow
8:32 Horse Collar
8:50 Gold Mining
10:14 Stone Mining
19:20 Castle Age
20:52 Hand Cart
21:14 Gold Shaft Mining
20:41 Heavy Plow
20:53 Bow Saw
26:37 Imperial Age
25:16 Husbandry
25:27 Bloodlines
25:40 Scale Barding Armor
25:45 Forging
26:43 Chain Barding Armor
26:59 Marauders
28:06 Iron Casting
29:38 Two-Man Saw
29:54 Plate Barding Armor
31:36 Blast Furnace
31:41 Conscription
33:29 Light Cavalry
36:24 Elite Tarkan
37:49 Hussar
Connection lost

Rejoining the realm…

Still unreachable

The connection could not be restored.

Session expired

The server has moved on; the page needs a fresh start.